 Dungeon Crawl Stone Soup version 0.31-a0-1338-gb567cfdca4 (webtiles) character file.

Game seed: 646136156770722914

81 IdlyInterested the Unbeliever (level 4, 0/33 HPs)
             Began as a Demonspawn Gladiator on Dec 21, 2023.
             Slain by a gnoll
             ... wielding a +0 spear
              (2 damage)
             ... on level 2 of the Dungeon.
             The game lasted 00:05:40 (1965 turns).

IdlyInterested the Unbeliever (DsGl)                Turns: 1965, Time: 00:05:41

Health: 0/33       AC:  9    Str: 15 (17) XL:     4   Next: 19%
Magic:  6/6        EV:  7    Int:  6 (8)  God:
Gold:   88         SH:  0    Dex: 11 (14) Spells: 3/3 levels left

rFire   . .          .
                       - Unarmed
rCold   . . .        (no shield)
rNeg    . . .        v - +0 chain mail
rPois   +            (helmet restricted)
rElec   .            (no cloak)
rCorr   .            (no gloves)
SInv    .            t - +0 pair of boots
Will    .....        (no amulet) Stlth
                     n - ring of poison resistance
HPRegen 0.25/turn    (no ring)
MPRegen 0.20/turn

%: no passive effects
@: mighty
A: antennae 2, magic regeneration
a: no special abilities


You were on level 2 of the Dungeon.
You visited 1 branch of the dungeon, and saw 2 of its levels.

You collected 88 gold pieces.

Inventory:

Hand Weapons
 m - a +0 trident
 p - a +0 whip
 q - a +0 short sword
 u - a +0 antimagic whip
Missiles
 c - 2 throwing nets
 h - 8 stones (quivered)
 s - 5 boomerangs
Armour
 a - a +0 leather armour
 b - a +0 helmet
 i - a +0 scale mail
 t - a +0 pair of boots (worn)
 v - a +0 chain mail (worn)
Jewellery
 n - a ring of poison resistance (left hand)
Scrolls
 f - a scroll of enchant armour
 g - a scroll of immolation
 k - 2 scrolls of vulnerability
 l - a scroll of teleportation
 r - a scroll of poison {unknown}
Potions
 j - a potion of attraction


   Skills:
 - Level 2.0 Fighting
 - Level 1.7 Throwing
 - Level 1.0 Armour
 - Level 2.6 Dodging
 - Level 1.0 Stealth
 - Level 1.0 Shields
 - Level 2.6 Unarmed Combat
 + Level 3.1 Invocations
 - Level 1.0 Evocations
 - Level 1.0 Shapeshifting


You had 3 spell levels left.
You didn't know any spells.
Your spell library was empty.

Dungeon Overview and Level Annotations

Branches:
Dungeon (2/15)

Altars:
Ashenzari


Innate Abilities, Weirdness & Mutations

You have a pair of antennae on your head.
You regenerate magic rapidly.


Message History

The gnoll is moderately wounded.
The gnoll hits you from afar with a +0 spear!
* * * LOW HITPOINT WARNING * * *
The gnoll hits you but does no damage.
You feel better.
The gnoll hits you from afar with a +0 spear.
The gnoll hits you with a +0 spear.
Throw: javelin
Press: ? - help, Shift-Dir - straight line, f - gnoll
Aim: a gnoll, wielding a +0 spear of freezing (60% to hit)
You throw a javelin.
The javelin hits the gnoll and shatters for extra damage.
The gnoll is severely wounded.
The gnoll barely misses you.
It was a potion of might.
You feel very mighty all of a sudden.
The gnoll hits you but does no damage. x2
You closely miss the gnoll.
The gnoll is severely wounded.
The gnoll hits you from afar with a +0 spear.
* * * LOW HITPOINT WARNING * * *
You barely miss the gnoll.
The gnoll is severely wounded.
The gnoll closely misses you. The gnoll barely misses you.
You punch the gnoll!
You kill the gnoll!
The gnoll hits you from afar with a +0 spear!
* * * LOW HITPOINT WARNING * * *
Your Invocations skill increases to level 3!
It was a potion of degeneration.
There was something very wrong with that liquid.
You feel weakened.
You feel dopey.
You feel clumsy.
The gnoll hits you from afar with a +0 spear.
* * * LOW HITPOINT WARNING * * *
The gnoll hits you but does no damage. The gnoll closely misses you.
You see here a +0 spear.
You punch the gnoll!
The gnoll is almost dead.
The gnoll hits you with a +0 spear.
You die...

..#####.#
........#
#.####### ###
#.# #.. # #.#
##.# .##
#.#########.#
#.#
...........<#
#g###
...########.##
##g..# ....#
##.###@##.#
...## ##...##
# #.## #..##
#.# #...# #.#
#.#.# #'##
#.... ...##
###.## ....##
### #.#
.....##
##.###.#


You could see 2 gnolls.

Vanquished Creatures
  Terence (D:2)
  A gnoll (D:2)
  An adder (D:2)
  A worm (D:2)
  A dart slug (D:1)
  2 bats (D:2)
  2 endoplasms
  4 goblins
  5 hobgoblins
  2 jackals (D:2)
  2 kobolds (D:2)
  2 quokkas
  4 ball pythons
  A frilled lizard (D:2)
  2 rats (D:2)
31 creatures vanquished.

Notes
Turn   | Place    | Note
-------+----------+-------------------------------------------
     0 | D:1      | IdlyInterested the Demonspawn Gladiator began the quest for
                  | the Orb.
     0 | D:1      | Reached XP level 1. HP: 16/16 MP: 1/1
   420 | D:1      | Reached skill level 1 in Shapeshifting
   597 | D:1      | Reached skill level 1 in Evocations
   597 | D:1      | Gained mutation: You regenerate magic rapidly. [demonic
                  | ancestry]
   597 | D:1      | Reached XP level 2. HP: 22/22 MP: 2/2
   675 | D:1      | Found a faded altar of an unknown god.
   913 | D:2      | Reached skill level 1 in Stealth
   913 | D:2      | Reached skill level 1 in Invocations
  1052 | D:2      | Reached skill level 1 in Armour
  1052 | D:2      | Discovered your monstrous ancestry.
  1052 | D:2      | Gained mutation: You have a pair of small antennae on your
                  | head. [demonic ancestry]
  1052 | D:2      | Reached XP level 3. HP: 27/27 MP: 3/3
  1249 | D:2      | Noticed Terence
  1272 | D:2      | Killed Terence
  1273 | D:2      | Reached skill level 1 in Shields
  1273 | D:2      | Reached skill level 2 in Invocations
  1441 | D:2      | Found a broken altar of Ashenzari.
  1660 | D:2      | Gained mutation: You have a pair of antennae on your head.
                  | [demonic ancestry]
  1660 | D:2      | Reached XP level 4. HP: 11/33 MP: 4/6
  1963 | D:2      | Reached skill level 3 in Invocations
  1965 | D:2      | Slain by a gnoll

Illustrated notes

Levels and vault maps discovered:
D:1:      dpeg_arrival_chambers_temple_mockup, layout_basic,
          hellmonk_ecumenical_altar_defaced_shrine
D:2:      layout_loops_corners, basic_altar, uniq_terence

Skill      XL: |  1  2  3  4 |
---------------+-------------+-----
Shapeshifting  | 1 |  1.0
Evocations     | 1 |  1.0
Stealth        | 1 |  1.0
Invocations    | 1 2 3 |  3.1
Armour         | 1 |  1.0
Shields        | 1 |  1.0
Fighting       | |  2.0
Throwing       | |  1.7
Dodging        | |  2.6
Unarmed Combat | |  2.6

Action                     |  1- 3 |  4- 6 || total
---------------------------+-------+-------++-------
  Melee: Unarmed           |   132 |    25 ||   157
         Punch             |     7 |     2 ||     9
  Throw: Stone             |     4 |       ||     4
         Throwing net      |     2 |       ||     2
         Javelin           |       |     1 ||     1
    Use: Scroll            |     4 |       ||     4
         Potion            |     4 |     3 ||     7
   Stab: Held in net/web   |     1 |       ||     1
 Armour: Leather armour    |     9 |       ||     9
         Scale mail        |    38 |       ||    38
         Chain mail        |     8 |    35 ||    43
         Skin              |     4 |       ||     4
  Dodge: Dodged            |    68 |    18 ||    86

Table legend: (Time is in decaauts)
 A = Elapsed time spent in this place.
 B = Non-inter-level travel time spent in this place.
 C = Inter-level travel time spent in this place.
 D = Time resting spent in this place.
 E = Time spent auto-exploring this place.
 F = Levels seen in this place.
 G = Mean time per level.
                   A        B        C        D        E       F      G
               +--------+--------+--------+--------+--------+-----+--------+
         Total |   1956 |   1935 |     21 |    294 |   1193 |   2 |  978.0 |
       Dungeon |   1956 |   1935 |     21 |    294 |   1193 |   2 |  978.0 |
               +--------+--------+--------+--------+--------+-----+--------+

Top non-repeatable levels by time:
     D:2: 1149 daAuts
     D:1: 806 daAuts
